 Dungeon Crawl Stone Soup version 0.30-a0-1163-gf69bf04e7a (webtiles) character file.

Game seed: 16798567298031348867

41585 greenreed the Warrior (level 13, -6/119 HPs)
             Began as a Minotaur Monk on Apr 28, 2023.
             Was the Champion of Hepliaklqana.
             Mangled by an Executioner (15 damage)
             ... on level 2 of the Abyss.
             The game lasted 00:34:24 (14162 turns).

greenreed the Warrior (Minotaur Monk)              Turns: 14162, Time: 00:34:24

Health: -6/119     AC: 21    Str: 23    XL:     13   Next: 80%
Magic:  15/15      EV: 11    Int:  7    God:    Hepliaklqana [******]
Gold:   873        SH:  0    Dex: 12    Spells: 12/12 levels left

rFire   . . .        G - +0 war axe
rCold   . . .        d - orb {light}
rNeg    + . .        N - +2 plate armour {rN+}
rPois   +            (helmet restricted)
rElec   .            s - +1 cloak {rPois}
rCorr   .            k - +2 pair of gloves {Str+3}
SInv    .            (no boots)
Will    .....        L - amulet of the acrobat Stlth
                     S - +4 ring of slaying
HPRegen 0.39/turn    T - +4 ring of slaying
MPRegen 0.14/turn

%: acrobat
@: hasted, glowing, very quick
A: reduced essence, horns 2, retaliatory headbutt, screaming 1, [weak 1]
a: Renounce Religion, Recall Ancestor, Ancestor Identity, Transference, Idealise


You were on level 2 of the Abyss.
You worshipped Hepliaklqana.
Hepliaklqana was exalted by your worship.
You visited 2 branches of the dungeon, and saw 15 of its levels.
You visited the Abyss 1 time.

You collected 909 gold pieces.
You spent 36 gold pieces at shops.

Inventory:

Hand Weapons
 y - the +1 whip of Dissent {spect, rElec Will+}
   (You found it on level 4 of the Dungeon)

   rElec:     It insulates you from electricity.
   Will:      It increases your willpower.
 G - a +0 war axe (weapon)
Missiles
 h - 2 throwing nets
 l - 9 curare-tipped darts (quivered)
Armour
 d - an orb of light (worn)
 k - a +2 pair of gloves of strength (worn)
 n - a +1 cloak of preservation
 s - a +1 cloak of poison resistance (worn)
 N - a +2 plate armour of positive energy (worn)
Jewellery
 i - a +6 ring of intelligence
 j - a ring of wizardry
 p - a +6 ring of dexterity
 x - a ring of poison resistance
 E - the ring "Fiptuut" {Wiz Int+3}
   (You found it on level 5 of the Dungeon)

   [ring of wizardry]

   It improves your spell success rate.
   Int:       It affects your intelligence (+3).
 L - an amulet of the acrobat (around neck)
 Q - a ring of wizardry
 S - a +4 ring of slaying (left hand)
 T - a +4 ring of slaying (right hand)
 V - an amulet of faith
Wands
 c - a wand of digging (8)
 v - a wand of charming (18)
 D - a wand of flame (43)
 J - a wand of roots (20)
 P - a wand of acid (4)
Scrolls
 a - 2 scrolls of poison
 e - 3 scrolls of vulnerability
 f - 2 scrolls of immolation
 o - 6 scrolls of enchant weapon
 t - 2 scrolls of magic mapping
 u - 4 scrolls of silence
 A - 2 scrolls of amnesia
 B - 3 scrolls of blinking
 C - 2 scrolls of butterflies
 H - 2 scrolls of teleportation
 K - a scroll of brand weapon {unknown}
 R - a scroll of fog {unknown}
Potions
 b - 3 potions of attraction
 g - 2 potions of lignification
 m - 5 potions of mutation
 q - 2 potions of might
 r - 5 potions of curing
 w - a potion of haste
 z - 5 potions of ambrosia
 I - a potion of resistance
 M - 2 potions of berserk rage {unknown}
 O - a potion of brilliance {unknown}
 U - a potion of invisibility {unknown}
 W - a potion of magic {unknown}
Miscellaneous
 X - a phial of floods


   Skills:
 * Level 17.6 Fighting
 - Level 16.3 Axes
 + Level 9.0 Armour
 + Level 11.9 Dodging
 + Level 5.1 Invocations


You had 12 spell levels left.
You didn't know any spells.
Your spell library contained the following spells:

 Spells                   Type           Power      Damage    Failure   Level
 Sting                    Tmut/Pois      0%         1d3       99%         1
 Cigotuvi's Dreadful Rot  Necr/Pois/Air  0%         N/A       100%        2
 Ensorcelled Hibernation  Hex/Ice        0%         N/A       100%        2
 Lesser Beckoning         Tloc           0%         N/A       100%        2
 Poisonous Vapours        Pois/Air       0%         N/A       100%        2
 Frozen Ramparts          Ice            0%         1d1       100%        3
 Gell's Gravitas          Tloc           0%         N/A       100%        3
 Ignite Poison            Fire/Tmut/Pois 0%         N/A       100%        3
 Spider Form              Tmut/Pois      0%         N/A       100%        3
 Stone Arrow              Conj/Erth      0%         3d7       100%        3
 Teleport Other           Tloc           0%         N/A       100%        3
 Anguish                  Hex/Necr       0%         N/A       100%        4
 Animate Armour           Summ/Erth      0%         N/A       100%        4
 Dispel Undead            Necr           0%         3d6       100%        4
 Ice Form                 Ice/Tmut       0%         N/A       100%        4
 Olgreb's Toxic Radiance  Pois           0%         N/A       100%        4
 Sticky Flame             Conj/Fire      0%         2d3       100%        4
 Summon Ice Beast         Ice/Summ       0%         N/A       100%        4
 Death Channel            Necr           0%         N/A       100%        6
 Ignition                 Fire           0%         3d3       100%        8
 Lehudib's Crystal Spear  Conj/Erth      0%         10d2      100%        8


Dungeon Overview and Level Annotations

Branches:
Dungeon (14/15)            Temple (1/1) D:5            Lair (0/5) D:9
    Orc (0/2) D:9          Vaults (0/5) D:13

Altars:
Ashenzari
Cheibriados
Dithmenos
Elyvilon
Fedhas
Gozag
Hepliaklqana
Kikubaaqudgha
Makhleb
Nemelex Xobeh
Okawaru
Qazlal
Ru
Sif Muna
Trog
Uskayaw
Vehumet
Wu Jian
Xom
Yredelemnul
Zin
The Shining One

Shops:
D:2 ?   D:7 !

Annotations:
D:5 1 runed translucent door, Dittersdorf's ghost, novice GrFi


Innate Abilities, Weirdness & Mutations

Your life essence is reduced to manifest your ancestor. (-10% HP)
You have a pair of horns on your head.
You reflexively headbutt those who attack you in melee.
You occasionally shout uncontrollably at your foes.
[You are weak. (Str -2)]


Message History

The Executioner gestures.
The Executioner seems to speed up.
Something bites Mira!
Something tentacle-slaps Mira!
You slash the Executioner! You headbutt the Executioner!
The Executioner is moderately wounded.
The Executioner barely misses you.
The Executioner hits you but does no damage.
The Executioner hits you.
Mira points at the Executioner and mumbles some strange words.
The puff of frost hits the Executioner.
The Executioner resists.
The Executioner hits you!
The Executioner hits you but does no damage.
The Executioner misses you.
You slash the Executioner!
The Executioner is heavily wounded.
The Executioner hits you!
The Executioner hits you but does no damage. x2
A living lightning appears from out of your range of vision.
The living lightning misses Mira.
The Executioner closely misses you. The Executioner hits you. x2
You closely miss the Executioner. Your headbutt misses the Executioner.
The Executioner is heavily wounded.
The Executioner hits you!
* * * LOW HITPOINT WARNING * * *
The Executioner hits you but does no damage. x2
The Executioner barely misses you. You furiously retaliate!
You headbutt the Executioner!
The Executioner hits you but does no damage.
The Executioner closely misses you.
A raiju comes into view.
You feel yourself speed up. The Executioner hits you!
* * * LOW HITPOINT WARNING * * *
The Executioner hits you but does no damage.
The Executioner closely misses you. The Executioner hits you!
* * * LOW HITPOINT WARNING * * *
The Executioner hits you.
* * * LOW HITPOINT WARNING * * *
The Executioner hits you but does no damage.
The Executioner hits you!
You die...

## .# # .#
#.#####.#
#.......#
#ยงยง#.1@.#
#.......#
#.......#
#.......#
#....R.... .
#..###.Xh...
#.. #......#
#.. #.......
#. .......


You could see the friendly Mira the battlemage, a tentacled starspawn, an
Executioner (fast, ally target) and a raiju (distracted).

Vanquished Creatures
  A bone dragon (Abyss:2)
  Agnes (D:14)
  A hydra (D:14)
  A catoblepas (D:13)
  2 two-headed ogres
  3 boulder beetles
  2 dancing weapons (D:13)
  A centaur warrior (D:14)
  A tengu warrior (D:13)
  Nergalle (D:12)
  A wretched star (Abyss:2)
  A large abomination (Abyss:2)
  2 skeletal warriors (D:14)
  A shadow demon (Abyss:2)
  An orc knight (D:10)
  3 deep elf pyromancers
  A manticore (D:14)
  A cyclops (D:12)
  A black mamba (shapeshifter) (Abyss:2)
  A gargoyle (D:13)
  A smoke demon (Abyss:2)
  A komodo dragon (D:9)
  2 kobold demonologists
  An efreet (Abyss:2)
  A tengu conjurer (D:13)
  2 trolls
  A meliai (shapeshifter) (D:13)
  A blink frog (Abyss:2)
  17 slime creatures
  26 yaks
  2 shadows
  3 wraiths
  Eustachio (D:6)
  A neqoxec (Abyss:2)
  A steam dragon (D:6)
  6 vampire mosquitoes
  An acid dragon (D:12)
  3 water moccasins
  Duvessa (D:7)
  A sky beast (D:7)
  2 orc warriors
  An ice beast (D:6)
  3 black bears
  An ogre (D:5)
  14 centaurs
  A phantom (D:5)
  4 kobold brigands
  Blork the orc (D:4)
  A gnoll sergeant (D:7)
  A bullfrog (D:7)
  3 scorpions
  5 wights (D:7)
  A small abomination (Abyss:2)
  Dowan (D:7)
  5 killer bees
  An electric eel (D:10)
  A quasit (Abyss:2)
  4 hounds
  4 jellies
  3 orc priests
  Crazy Yiuf (D:2)
  A sleepcap (D:7)
  6 iguanas
  3 orc wizards
  Robin (D:2)
  4 gnolls (D:3)
  5 adders
  3 white imps
  2 ufetubi
  3 worms
  5 dart slugs
  35 orcs
  9 endoplasms
  5 giant cockroaches
  17 goblins
  10 hobgoblins
  14 jackals
  2 quokkas
  7 ball pythons
  5 bats
  A frilled lizard (D:1)
  28 kobolds
  5 rats
  A spectral hobgoblin (D:2)
330 creatures vanquished.

Vanquished Creatures (collateral kills)
  Kirke (D:12)
  A boulder beetle (D:10)
  A centaur warrior (D:14)
  2 two-headed ogres (D:12)
  A tengu warrior (D:13)
  Sonja (D:10)
  A skeletal warrior (D:14)
  Pikel (D:8)
  An ugly thing (D:11)
  A manticore (D:13)
  A cyclops (D:13)
  Maurice (D:10)
  An unseen horror (D:7)
  A hornet (D:9)
  6 slime creatures
  A wraith (D:10)
  6 yaks
  2 vampires
  A basilisk (D:12)
  2 orc warriors
  4 centaurs
  A lemure (D:8)
  2 kobold brigands
  A scorpion (D:6)
  A wight (D:7)
  A hornet simulacrum (D:14)
  4 killer bees
  2 howler monkeys
  2 electric eels (D:10)
  A jelly (D:7)
  An orc wizard (D:7)
  A white imp (D:8)
  4 orcs
  5 kobolds
  2 starspawn tentacles (Abyss:2)
65 creatures vanquished.

Vanquished Creatures (others)
  12 battlemagi
  23 plants
  A spectral weapon (D:14)
36 creatures vanquished.

Grand Total: 431 creatures vanquished

Notes
Turn   | Place    | Note
-------+----------+-------------------------------------------
     0 | D:1      | greenreed the Minotaur Monk began the quest for the Orb.
     0 | D:1      | Reached XP level 1. HP: 19/19 MP: 0/0
   163 | D:1      | Reached XP level 2. HP: 25/27 MP: 1/1
   187 | D:1      | Reached skill level 4 in Fighting
   551 | D:1      | Reached XP level 3. HP: 30/33 MP: 2/2
   808 | D:2      | Noticed Robin
   828 | D:2      | Killed Robin
   829 | D:2      | Reached XP level 4. HP: 33/41 MP: 3/3
   864 | D:2      | You fall into a shaft and drop 2 floors!
   884 | D:4      | Noticed a scorpion
   891 | D:4      | Killed a scorpion
   892 | D:4      | Reached skill level 5 in Fighting
   892 | D:4      | Reached skill level 5 in Axes
   928 | D:4      | Noticed Blork the orc
   950 | D:4      | Killed Blork the orc
   951 | D:4      | Reached XP level 5. HP: 34/48 MP: 4/4
   967 | D:4      | Identified the +1 whip of Dissent {spect, rElec Will+}
  1122 | D:3      | Found an ornate altar of the Wu Jian Council.
  1276 | D:2      | Found Juemo Apryr's Magic Scroll Shoppe.
  1291 | D:2      | Bought a scroll of noise for 12 gold pieces
  1291 | D:2      | Bought a scroll of identify for 24 gold pieces
  1633 | D:2      | Found a faded altar of an unknown god.
  1773 | D:2      | Found a runed translucent door.
  1774 | D:2      | Noticed Crazy Yiuf
  1879 | D:2      | Killed Crazy Yiuf
  1880 | D:2      | Reached XP level 6. HP: 35/57 MP: 5/5
  2215 | D:3      | Reached skill level 6 in Fighting
  3289 | D:4      | Found an iron altar of Okawaru.
  3597 | D:4      | Found a glowing golden altar of the Shining One.
  3618 | D:5      | Entered Level 5 of the Dungeon
  3802 | D:5      | Found a runed translucent door.
  3804 | D:5      | Noticed Dittersdorf's ghost (novice GrFi)
  3813 | D:5      | Reached XP level 7. HP: 64/64 MP: 6/6
  3905 | D:5      | Reached skill level 7 in Fighting
  3905 | D:5      | Reached skill level 5 in Dodging
  3974 | D:5      | Identified the ring "Fiptuut" {Wiz Int+3}
  4049 | D:5      | Found a basalt altar of Yredelemnul.
  4247 | D:5      | Found a staircase to the Ecumenical Temple.
  4262 | D:5      | Reached skill level 8 in Fighting
  4262 | D:5      | Reached XP level 8. HP: 52/74 MP: 7/7
  4272 | Temple   | Entered the Ecumenical Temple
  4370 | Temple   | Became a worshipper of Hepliaklqana the Forgotten
  4370 | Temple   | Reached * piety under Hepliaklqana
  4370 | Temple   | Reached ** piety under Hepliaklqana
  4489 | D:5      | Found a bloodstained altar of Trog.
  4914 | D:6      | Noticed Eustachio
  4921 | D:6      | Killed Eustachio
  4922 | D:6      | Reached skill level 9 in Fighting
  5232 | D:6      | Found an opulent altar of Gozag.
  5876 | D:7      | Reached XP level 9. HP: 76/76 MP: 8/8
  6045 | D:7      | Reached skill level 10 in Fighting
  6062 | D:7      | Found Rasam's Distillery.
  6121 | D:7      | Noticed a kobold demonologist
  6130 | D:7      | Killed a kobold demonologist
  6131 | D:7      | Reached skill level 10 in Axes
  6205 | D:7      | Noticed Dowan
  6206 | D:7      | Noticed Duvessa
  6212 | D:7      | Killed Duvessa
  6216 | D:7      | Killed Dowan
  6332 | D:7      | Reached *** piety under Hepliaklqana
  6338 | D:7      | Remembered your ancestor Mira as a battlemage
  6458 | D:7      | Found a shimmering altar of Xom.
  6463 | D:7      | Noticed an unseen horror
  6465 | D:7      | Reached skill level 11 in Fighting
  6473 | D:7      | Killed an unseen horror
  6741 | D:8      | Noticed Pikel
  6742 | D:8      | Reached XP level 10. HP: 57/86 MP: 9/9
  6749 | D:8      | Killed Pikel
  6756 | D:8      | Reached skill level 12 in Fighting
  6756 | D:8      | Found a hide-covered altar of Uskayaw.
  6757 | D:8      | Found a sparkling altar of Nemelex Xobeh.
  6757 | D:8      | Found a shimmering altar of Xom.
  6758 | D:8      | Found a blossoming altar of Fedhas.
  7207 | D:8      | Found a snail-covered altar of Cheibriados.
  7376 | D:9      | Found a broken altar of Ashenzari.
  7495 | D:9      | Found a staircase to the Orcish Mines.
  7508 | D:9      | Reached skill level 1 in Armour
  7519 | D:9      | Reached skill level 13 in Fighting
  7687 | D:9      | Noticed a boulder beetle
  7708 | D:9      | Killed a boulder beetle
  7709 | D:9      | Reached XP level 11. HP: 50/96 MP: 10/10
  7973 | D:9      | Found a staircase to the Lair.
  8183 | D:9      | Noticed a two-headed ogre
  8188 | D:9      | Killed a two-headed ogre
  8256 | D:10     | Entered Level 10 of the Dungeon
  8259 | D:10     | Noticed Sonja
  8348 | D:10     | Noticed a sixfirhy
  8401 | D:10     | Killed Sonja
  8425 | D:10     | Noticed a deep elf pyromancer
  8431 | D:10     | Killed a deep elf pyromancer
  8518 | D:10     | Reached skill level 14 in Fighting
  8666 | D:10     | Reached **** piety under Hepliaklqana
  8687 | D:10     | Noticed an orc knight
  8869 | D:10     | Killed an orc knight
  8988 | D:10     | Noticed a boulder beetle
  8999 | D:10     | Killed a boulder beetle
  9175 | D:10     | Found a shimmering blue altar of Sif Muna.
  9186 | D:10     | Noticed Maurice
  9193 | D:10     | Killed Maurice
  9194 | D:10     | Reached skill level 5 in Armour
 10108 | D:11     | Noticed a white ugly thing
 10118 | D:11     | Killed a white ugly thing
 10119 | D:11     | Reached skill level 10 in Dodging
 10242 | D:11     | Reached XP level 12. HP: 93/106 MP: 11/11
 10268 | D:11     | Reached ***** piety under Hepliaklqana
 10564 | D:12     | Noticed a boulder beetle
 10570 | D:12     | Killed a boulder beetle
 10635 | D:12     | Noticed a two-headed ogre
 10641 | D:12     | Killed a two-headed ogre
 10642 | D:12     | Reached skill level 15 in Axes
 10683 | D:12     | Noticed a two-headed ogre
 10688 | D:12     | Killed a two-headed ogre
 10689 | D:12     | Reached skill level 15 in Fighting
 10714 | D:12     | Noticed Nergalle
 10720 | D:12     | Killed Nergalle
 11144 | D:12     | Noticed Kirke
 11159 | D:12     | Killed Kirke
 11160 | D:12     | Reached skill level 1 in Invocations
 11702 | D:13     | Noticed a catoblepas
 11709 | D:13     | Noticed a boulder beetle
 11721 | D:13     | Killed a catoblepas
 11733 | D:13     | Killed a boulder beetle
 11903 | D:13     | Reached skill level 16 in Fighting
 12138 | D:13     | Noticed a tengu warrior
 12150 | D:13     | Killed a tengu warrior
 12151 | D:13     | Reached XP level 13. HP: 111/115 MP: 13/13
 12163 | D:13     | Found a gate to the Vaults.
 12824 | D:14     | Noticed Agnes
 12833 | D:14     | Killed Agnes
 13334 | D:14     | Reached skill level 17 in Fighting
 13727 | Abyss:2  | Cast into level 2 of the Abyss (a wizard)
 13728 | Abyss:2  | Found a corrupted altar of Lugonu.
 13815 | Abyss:2  | Noticed a bone dragon
 13818 | Abyss:2  | Found a corrupted altar of Lugonu.
 13853 | Abyss:2  | Killed a bone dragon
 14004 | Abyss:2  | Reached skill level 5 in Invocations
 14027 | Abyss:2  | Gained mutation: You occasionally shout uncontrollably at
                  | your foes. [a neqoxec]
 14122 | Abyss:2  | Found a corrupted altar of Lugonu.
 14132 | Abyss:2  | Found a corrupted altar of Lugonu.
 14133 | Abyss:2  | Reached ****** piety under Hepliaklqana
 14151 | Abyss:2  | Noticed a tentacled starspawn
 14156 | Abyss:2  | Noticed an Executioner
 14162 | Abyss:2  | Mangled by an Executioner

Illustrated notes

Levels and vault maps discovered:
D:1:      giann_wishing_wells, layout_basic, skrybe_limestone_x
D:2:      layout_basic, serial_shops, shop,
          dreamdust_ecumenical_altar_drowned_temple, serial_glass,
          glass_columns_a, glass_columns_c, item_on_display_b, feat_on_display,
          minmay_strange_pillars, uniq_robin, uniq_crazy_yiuf_cottage
D:3:      layout_basic, nicolae_wu_jian_wuxing_cycle
D:4:      layout_basic, tso_altar, lemuel_doored_altar, uniq_blork_the_orc
D:5:      layout_rooms, trog_ov_bears_minmay, lemuel_round_altar, temple_green,
          ebering_ghost_reflecting_pool, chequers_serial_rivers_large_a
D:6:      layout_basic, grunt_gozag_statues, uniq_eustachio
D:7:      layout_cave_pods, serial_shops, shop, minmay_ruined_shrine,
          uniq_duvessa
D:8:      layout_cave_pools, chequers_temple_overflow_statue_of_worship,
          cheibriados_altar_1, serial_column_ruins,
          column_ruins_corridor_straight, column_ruins_corridor_corner,
          column_ruins_columns_plus, column_ruins_corridor_corner,
          column_ruins_open_tiny, uniq_pikel
D:9:      layout_irregular_city, ashenzari_conservatory_becter,
          david_lair_shrubbed, david_orc_2
D:10:     minmay_diamond_stairs, layout_loops_ring,
          mainiacjoe_overflow_24_doors, serial_bayou, serial_bayou_pond_b,
          serial_bayou_pond_d, serial_bayou_shore_b, serial_bayou_lake_a,
          serial_bayou_pond_e, serial_bayou_lagoon_a, uniq_maurice, uniq_sonja
D:11:     layout_stronghold
D:12:     wad_pebble_path, layout_basic, uniq_kirke, uniq_nergalle
D:13:     layout_basic, erik_vaults_1, minmay_misc_feat_tower
D:14:     layout_stronghold, chequers_arboretum, uniq_agnes
Temple:   nicolae_temple_ecumenical_triangle
Abyss:2:  base: D:5, base: D:11, hangedman_elemental_corridor

Skill      XL: |  1  2  3  4  5  6  7  8  9 10 11 12 13 |
---------------+----------------------------------------+-----
Fighting       | 4 5 6 8 9 11 13 14 16 17 | 17.6
Axes           | 4 5 6 7 9 11 13 14 16 | 16.3
Dodging        | 4 5 6 7 9 10 11 | 11.9
Armour         | 2 5 7 9 |  9.0
Invocations    | 2 5 |  5.1

Action                     |  1- 3 |  4- 6 |  7- 9 | 10-12 | 13-15 || total
---------------------------+-------+-------+-------+-------+-------++-------
  Melee: Hand axe          |    74 |   164 |    96 |       |       ||   334
         Headbutt          |    13 |    37 |    55 |    97 |    50 ||   252
         War axe           |       |       |    89 |   293 |   141 ||   523
         Unarmed           |       |       |       |    12 |       ||    12
         Whip              |       |       |       |       |     3 ||     3
 Invoke: Recall Ancestor   |       |       |     1 |       |     1 ||     2
         Ancestor Life: Ba |       |       |     1 |       |       ||     1
         Idealise          |       |       |       |       |     1 ||     1
         Ancestor Identity |       |       |       |       |     1 ||     1
    Use: Potion            |       |     2 |       |       |     6 ||     8
         Scroll            |       |    11 |       |     7 |     1 ||    19
   Stab: Distracted        |     1 |       |       |     3 |     1 ||     5
         Petrified         |       |       |       |     7 |       ||     7
 Armour: Robe              |    20 |    14 |       |       |       ||    34
         Skin              |       |     4 |       |       |       ||     4
         Animal skin       |       |    27 |    57 |     4 |       ||    88
         Plate armour      |       |       |       |   103 |    86 ||   189
  Dodge: Dodged            |    42 |    93 |   123 |   192 |    94 ||   544

Table legend: (Time is in decaauts)
 A = Elapsed time spent in this place.
 B = Non-inter-level travel time spent in this place.
 C = Inter-level travel time spent in this place.
 D = Time resting spent in this place.
 E = Time spent auto-exploring this place.
 F = Levels seen in this place.
 G = Mean time per level.
                   A        B        C        D        E       F      G
               +--------+--------+--------+--------+--------+-----+--------+
         Total |  14122 |  13596 |    526 |    839 |  10473 |  16 |  882.6 |
       Dungeon |  13616 |  13094 |    522 |    776 |  10399 |  14 |  972.6 |
        Temple |    103 |     99 |      4 |      0 |     74 |   1 |  103.0 |
         Abyss |    402 |    402 |      0 |     63 |      0 |   1 |  402.0 |
               +--------+--------+--------+--------+--------+-----+--------+

Top non-repeatable levels by time:
    D:12: 1220 daAuts
    D:10: 1192 daAuts
     D:9: 1164 daAuts
     D:2: 1114 daAuts
     D:3: 1075 daAuts
     D:6: 1027 daAuts
     D:7: 1020 daAuts
    D:13: 1000 daAuts
    D:14: 891 daAuts
    D:11: 883 daAuts
     D:4: 870 daAuts
     D:5: 816 daAuts
     D:1: 721 daAuts
     D:8: 616 daAuts
 Abyss:2: 402 daAuts
